 Dungeon Crawl Stone Soup version 0.14-a0-1546-g4b4961f (webtiles) character file.

794 M4edhros the Ducker (level 7, -15/46 HPs)
             Began as an Octopode Chaos Knight on Dec 19, 2013.
             Was a Plaything of Xom.
             Splashed by a jelly's acid (16 damage)
             ... on Level 5 of the Dungeon.
             The game lasted 00:04:02 (3932 turns).

M4edhros the Ducker (Octopode Chaos Knight)         Turns: 3932, Time: 00:04:03

HP -15/46        AC  1     Str 11      XL: 7   Next: 25%
MP   7/7         EV 15     Int 17      God: Xom
Gold 258         SH  0     Dex 11      Spells:  1 memorised,  1 level left

rFire  + . .     SeeInvis .     (no weapon)
rCold  . . .     Clarity  .     (no shield)
rNeg   . . .     Conserve .     (helmet restricted)
rPois  +         rCorr    .     (no amulet)
rElec  .         rRot     .     i - ring of wizardry
SustAb . .       Spirit   .     j - ring of poison resistance
rMut   .         Warding  .     n - ring of protection from fire {unknown}
Saprov . . .     Stasis   .     (no ring)
                                (no ring)
                                (no ring)
                                (no ring)
                                (no ring)

@: invisible, slightly resistant to hostile enchantments, fairly stealthy
A: almost no armour, amphibious, 8 rings, constrict 8, camouflage 1, gelatinous
body 1
a: Renounce Religion


You were on level 5 of the Dungeon.
You worshipped Xom.
You were a toy of Xom.
You were not hungry.

You visited 1 branch of the dungeon, and saw 5 of its levels.

You collected 258 gold pieces.

Inventory:

Hand weapons
 a - a +0,+0 spear of chaos
Comestibles
 c - 2 bread rations
 m - a meat ration
 t - a pear
 C - a honeycomb
Scrolls
 b - 2 scrolls of fog {unknown}
 d - 2 scrolls of recharging {unknown}
 e - 2 scrolls of noise
 f - 3 scrolls of teleportation {unknown}
 g - a scroll of enchant armour {unknown}
 h - 2 scrolls of remove curse {unknown}
 k - 2 scrolls of identify {unknown}
 l - 4 scrolls of immolation {unknown}
 q - 6 scrolls of fear {unknown}
 r - a scroll of magic mapping {unknown}
 v - a scroll of curse weapon {unknown}
 w - a scroll of enchant weapon I {unknown}
Jewellery
 i - a ring of wizardry (left tentacle)
 j - a ring of poison resistance (right tentacle)
 n - a ring of protection from fire (on tentacle) {unknown}
Potions
 o - a potion of magic {unknown}
 p - 2 potions of resistance
 u - a potion of might {unknown}
 x - a potion of mutation {unknown}
 z - a potion of degeneration {unknown}
 A - a potion of agility {unknown}
 B - a potion of invisibility
Books
 y - a book of Dreams

   Spells                             Type                      Level
   Ensorcelled Hibernation            Hexes/Ice                    2
   Flight                             Charms/Air                   3
   *Phase Shift                       Translocation                5
   Shadow Creatures                   Summoning                    5
   Mass Confusion                     Hexes                        6
   Darkness                           Hexes                        7


   Skills:
 - Level 3.0 Fighting
 - Level 3.0 Polearms
 + Level 7.9 Dodging


You had one spell level left.
You knew the following spells:

 Your Spells              Type           Power        Failure   Level  Hunger
a - Phase Shift           Tloc           #.........   99%         5    ######.


Dungeon Overview and Level Annotations

Branches:
Dungeon (5/16)
 Temple: D:4-7

Altars:
Kikubaaqudgha
Xom


Innate Abilities, Weirdness & Mutations

You cannot wear most types of armour.
You are amphibious.
You can wear up to eight rings at the same time.
You can use your tentacles to constrict many enemies at once.
Your skin changes colour to match your surroundings (Stlth).
Your rubbery body absorbs attacks (AC +1).


Message History

You hit the jelly but do no damage.
Your tentacles burn!
The jelly is moderately wounded.
The jelly hits you.
You are splashed with acid!
The acid burns!
* * * LOW HITPOINT WARNING * * *
Drink which item? (? for menu, Esc to quit)
Okay, then.
There is an open door here.
Drink which item? (? for menu, Esc to quit)
You feel better. The jelly closely misses you.
Drink which item? (? for menu, Esc to quit)
You feel better. The jelly hits you.
You are splashed with acid!
The acid burns!
* * * LOW HITPOINT WARNING * * *
Drink which item? (? for menu, Esc to quit)
You fade into invisibility!
The jelly hits you.
* * * LOW HITPOINT WARNING * * *
You are splashed with acid!
The acid burns!
You die...
Xom is highly amused!

########### ########
#.........# #....%...
#...%.....# #........
#.........### #........
#....<....'.#####.........
+.........#.@J..'.........
#.........#######.........
#.........# #........
#.........# #........
#######+### #(.......
.....### .....# .....# ._.


You could see a jelly.

Vanquished Creatures
  A black bear (D:4)
  A phantom (D:4)
  A giant frog (D:4)
  2 orc priests
  A worker ant (D:4)
  An ogre skeleton (D:4)
  An orc wizard (D:3)
  5 adders
  2 giant mites (D:1)
  5 worms
  An ooze (D:3)
  13 orcs
  9 bats
  3 giant cockroaches
  6 goblins
  9 hobgoblins
  7 jackals
  6 kobolds
  A quokka (D:2)
  A ball python skeleton (D:4)
  7 giant geckos
  A giant gecko skeleton (D:4)
  3 giant newts
  11 rats
98 creatures vanquished.

Notes
Turn   | Place    | Note
--------------------------------------------------------------
     0 | D:1      | M4edhros, the Octopode Chaos Knight, began the quest for the Orb.
     0 | D:1      | Reached XP level 1. HP: 16/16 MP: 1/1
   236 | D:1      | Reached XP level 2. HP: 15/21 MP: 2/2
   384 | D:1      | XOM: divination: detect items
   711 | D:1      | Reached XP level 3. HP: 26/26 MP: 3/3
   767 | D:1      | XOM: divination: detect creatures
   847 | D:1      | XOM: divination: detect creatures
   881 | D:1      | Reached skill level 4 in Dodging
   967 | D:1      | XOM: silly message
  1375 | D:2      | XOM: harmless Divn miscast
  1718 | D:2      | Reached XP level 4. HP: 26/31 MP: 4/4
  1845 | D:2      | XOM: harmless Fire miscast
  2168 | D:3      | Reached skill level 5 in Dodging
  2286 | D:3      | Reached XP level 5. HP: 36/36 MP: 5/5
  2713 | D:4      | XOM: divination: detect items
  2717 | D:4      | Reached skill level 6 in Dodging
  2717 | D:4      | Reached XP level 6. HP: 28/42 MP: 6/6
  2771 | D:4      | XOM: harmless Summ miscast
  2839 | D:4      | Found a shimmering altar of Xom.
  3095 | D:4      | XOM: harmless Ice miscast
  3192 | D:4      | Reached skill level 7 in Dodging
  3487 | D:4      | XOM: harmless Hex miscast
  3535 | D:4      | XOM: harmless Divn miscast
  3593 | D:4      | Noticed a black bear
  3605 | D:4      | Killed a black bear
  3605 | D:4      | Reached XP level 7. HP: 14/46 MP: 7/7
  3882 | D:5      | Entered Level 5 of the Dungeon
  3903 | D:5      | Learned a level 5 spell: Phase Shift
  3913 | D:5      | Found an ancient bone altar of Kikubaaqudgha.
  3924 | D:5      | HP: 1/46 [acid (16)]
  3932 | D:5      | HP: 1/46 [jelly (2)]
  3932 | D:5      | Splashed by a jelly's acid

Action                   |  1- 3 |  4- 6 |  7- 9 || total
-------------------------+-------+-------+-------++-------
Melee: Spear             |    78 |   161 |    10 ||   249
       Unarmed           |       |       |     8 ||     8
  Use: Potion            |     2 |     6 |     3 ||    11
       Scroll            |       |       |     1 ||     1
 Stab: Sleeping          |     4 |     8 |     1 ||    13
       Paralysed         |     1 |       |       ||     1
       Petrifying        |       |     1 |       ||     1
       Confused          |       |     1 |       ||     1
